 Dungeon Crawl Stone Soup version 0.30.1-11-g7821555f0a (webtiles) character file.

Game seed: 14193137971525467559

65 CaptainMV the Shooter (level 4, -4/38 HPs)
             Began as a Naga Wanderer on Nov 6, 2023.
             Slain by a gnoll
             ... wielding a +0 spear
              (8 damage)
             ... on level 2 of the Dungeon.
             The game lasted 00:09:15 (1099 turns).

CaptainMV the Shooter (Naga Wanderer)               Turns: 1099, Time: 00:09:16

Health: -4/38      AC:  5    Str: 10 (11) XL:     4   Next: 14%
Magic:  4/4        EV:  9    Int:  8 (10) God:
Gold:   7          SH:  0    Dex: 16 (18) Spells: 3/3 levels left

rFire   . . .        a - staff of earth
rCold   . . .        (no shield)
rNeg    . . .        e - +0 leather armour
rPois   +            (no helmet)
rElec   .            c - +1 cloak
rCorr   .            (no gloves)
SInv    +            (no barding)
Will    .....        (no amulet)
Stlth   +            (no ring)
HPRegen 0.26/turn    (no ring)
MPRegen 0.09/turn

%: no passive effects
@: short of breath, hasted, quick
A: AC +1, large, see invisible, deformed body, poison resistance, slowness 2,
spit poison 1, naga tail 1
a: Spit Poison


You were on level 2 of the Dungeon.
You visited 1 branch of the dungeon, and saw 2 of its levels.

You collected 7 gold pieces.

Inventory:

Hand Weapons
 b - a +0 sling
 h - a +2 quarterstaff
 k - a +0 rapier
Armour
 c - a +1 cloak (worn)
 e - a +0 leather armour (worn)
Magical Staves
 a - a staff of earth (weapon)
Scrolls
 i - 2 scrolls of identify
Potions
 d - 2 potions of lignification
 g - 3 potions of flight
 j - a potion of degeneration


   Skills:
 + Level 1.2 Fighting
 + Level 0.4 Short Blades
 + Level 2.3 Staves
 + Level 4.5 Ranged Weapons
 + Level 1.1 Armour
 + Level 1.8 Dodging
 + Level 0.2 Stealth


You had 3 spell levels left.
You didn't know any spells.
Your spell library contained the following spells:

 Spells                   Type           Power      Damage    Failure   Level
 Ensorcelled Hibernation  Hex/Ice        0%         N/A       65%         2
 Passwall                 Tmut/Erth      0%         N/A       65%         2
 Swiftness                Air            0%         N/A       87%         3


Dungeon Overview and Level Annotations

Branches:
Dungeon (2/15)

Altars:
Trog
Yredelemnul


Innate Abilities, Weirdness & Mutations

Your serpentine skin is tough. (AC +1)
You have supernaturally acute eyesight. (SInv)
Armour fits poorly on your strangely shaped body.
Your system is resistant to poisons. (rPois)
You cover ground very slowly.
You can spit poison.
You have a snake-like lower body.


Message History

The gnoll hits you with a +0 flail.
You barely miss the gnoll.
The gnoll is heavily wounded.
The gnoll barely misses you.
You hit the gnoll.
The gnoll is heavily wounded.
The gnoll hits you with a +0 flail!
* * * LOW HITPOINT WARNING * * *
Aiming: Spit Poison (2% risk of failure)
Press: ? - help, Shift-Dir - straight line, f/p - gnoll
Aim: a gnoll, wielding a +0 whip (moderately wounded, 65% to hit)
The splash of poison hits the gnoll.
The gnoll is poisoned.
The gnoll is severely wounded.
The gnoll misses you.
You hit the gnoll but do no damage.
The gnoll is severely wounded.
The gnoll closely misses you. The gnoll barely misses you.
You hit the gnoll.
You kill the gnoll!
The giant cockroach closely misses you.
You have reached level 4!
You feel clever.
The giant cockroach attacks as you move away!
The giant cockroach bites you but does no damage.
You have got your breath back.
Aiming: Spit Poison (1% risk of failure)
Press: ? - help, Q - select action Shift-Dir - straight line, f/p - gnoll
Aim: a gnoll, wielding a +0 whip (moderately wounded, 65% to hit)
The splash of poison hits the giant cockroach!
The giant cockroach is poisoned.
You kill the giant cockroach!
The gnoll hits you from afar with a +0 spear.
* * * LOW HITPOINT WARNING * * *
It was a potion of haste.
You feel yourself speed up. The gnoll closely misses you.
It was a potion of degeneration.
There was something very wrong with that liquid.
You feel weakened.
You feel dopey.
You feel clumsy.
The gnoll hits you from afar with a +0 spear!
You die...

.......#.........#
#...#.#########
##.....# #....#.#
####.##<#.#
#....#...†#
#.#####...#
#.......###
#######@# #†# ##g#
##.g# ##### ##..##
####...# ###..##
..../..# ##...##
.......# #..###
.......###...#


You could see 2 gnolls.

Vanquished Creatures
  An adder (D:2)
  A gnoll (D:2)
  A dart slug (D:1)
  5 ball pythons
  3 bats
  3 endoplasms
  A giant cockroach (D:2)
  6 goblins
  3 hobgoblins (D:1)
  4 jackals (D:1)
  2 kobolds
  A quokka (D:1)
  2 frilled lizards
  8 rats
41 creatures vanquished.

Notes
Turn   | Place    | Note
-------+----------+-------------------------------------------
     0 | D:1      | CaptainMV the Naga Wanderer began the quest for the Orb.
     0 | D:1      | CaptainMV set off with the following items: a +2
                  | quarterstaff, a +0 sling, a +0 cloak, a potion of
                  | lignification, a +0 leather armour.
     0 | D:1      | Reached XP level 1. HP: 18/18 MP: 1/1
    84 | D:1      | Reached skill level 4 in Ranged Weapons
    84 | D:1      | Reached XP level 2. HP: 25/25 MP: 2/2
   466 | D:1      | Reached XP level 3. HP: 31/31 MP: 3/3
   923 | D:2      | Found a faded altar of an unknown god.
   954 | D:2      | Prayed at the altar of an unknown god.
   954 | D:2      | Became a worshipper of Trog the Wrathful
   954 | D:2      | Reached * piety under Trog
   980 | D:2      | Fell from the grace of Trog
  1057 | D:2      | Found a basalt altar of Yredelemnul.
  1096 | D:2      | Reached XP level 4. HP: 4/38 MP: 4/4
  1099 | D:2      | Slain by a gnoll

Illustrated notes

Levels and vault maps discovered:
D:1:      wander_arrival_fairy_ring, layout_basic, grunt_decor_fettered
D:2:      layout_basic, serial_shops, nicolae_shop_tiny_waterfront,
          ebering_ecumenical_altar_sacrificial, basic_altar

Skill      XL: |  1 |
---------------+----+-----
Ranged Weapons | 4 |  4.5
Fighting       | |  1.2
Short Blades   | |  0.4
Staves         | |  2.3
Armour         | |  1.1
Dodging        | |  1.8
Stealth        | |  0.2

Action                     |  1- 3 |  4- 6 || total
---------------------------+-------+-------++-------
  Melee: Quarterstaff      |    16 |       ||    16
         Staff             |    34 |       ||    34
         Rapier            |    15 |       ||    15
   Fire: Sling             |    52 |       ||    52
 Invoke: Renounce Religion |     1 |       ||     1
Ability: Spit Poison       |     5 |     1 ||     6
    Use: Scroll            |     3 |       ||     3
         Potion            |       |     2 ||     2
 Armour: Leather armour    |    40 |     1 ||    41
  Dodge: Dodged            |    61 |     1 ||    62
